 Dungeon Crawl Stone Soup version 0.29.1 (webtiles) character file.

Game seed: 7611214685591956259

1121 groovy9 the Grappler (level 8, -1/74 HPs)
             Began as a Troll Fighter on Sept 12, 2022.
             Slain by an orc
             ... wielding a +0 dagger
              (2 damage)
             ... on level 6 of the Dungeon.
             The game lasted 00:12:47 (3310 turns).

groovy9 the Grappler (Troll Fighter)                Turns: 3310, Time: 00:12:47

Health: -1/74      AC:  5    Str: 25    XL:     8   Next: 12%
Magic:  7/7        EV:  8    Int:  6    God:
Gold:   180        SH:  0    Dex:  9    Spells: 7/7 levels left

rFire   . . .      SeeInvis .     - Unarmed
rCold   . . .      Faith    .   b - +0 kite shield
rNeg    . . .      Spirit   .   a - +0 robe
rPois   .          Reflect  .   (helmet restricted)
rElec   .          Harm     .   m - +0 cloak
rCorr   .          Rampage  .   (gloves unavailable)
Will    .....                   (boots unavailable)
Stlth   +.........              (no amulet)
HPRegen 1.02/turn               (no ring)
MPRegen 0.10/turn               (no ring)

@: confused, lethally poisoned (-1 -> -3)
A: large, unfitting armour, claws 3, regeneration 1, shaggy fur 1, tough skin 1
a: no special abilities


You were on level 6 of the Dungeon.
You visited 2 branches of the dungeon, and saw 7 of its levels.

You collected 180 gold pieces.

Inventory:

Armour
 a - a +0 robe (worn)
 b - a +0 kite shield (worn)
 m - a +0 cloak (worn)
Jewellery
 i - a ring of fire
Potions
 d - a potion of heal wounds
 e - a potion of flight
 f - a potion of ambrosia
 g - 2 potions of curing
 h - 2 potions of magic
 j - a potion of haste
 k - a potion of invisibility
 l - a potion of attraction
 o - 2 potions of brilliance
 p - a potion of berserk rage


   Skills:
 - Level 2.4 Fighting
 - Level 2.4 Dodging
 - Level 2.6 Shields
 + Level 9.8 Unarmed Combat


You had 7 spell levels left.
You didn't know any spells.
Your spell library contained the following spells:

 Spells                   Type           Power      Damage    Failure   Level
 Slow                     Hex            0%         N/A       77%         1
 Poisonous Vapours        Pois/Air       0%         N/A       88%         2
 Confusing Touch          Hex            0%         N/A       98%         3
 Gell's Gravitas          Tloc           0%         N/A       98%         3
 Teleport Other           Tloc           0%         N/A       98%         3
 Vampiric Draining        Necr           0%         2d6       98%         3
 Corpse Rot               Necr/Pois/Air  0%         N/A       100%        4
 Dispersal                Tloc           0%         N/A       100%        6


Dungeon Overview and Level Annotations

Branches:
Dungeon (6/15)             Temple (1/1) D:5

Altars:
Cheibriados
Dithmenos
Elyvilon
Fedhas
Gozag
Hepliaklqana
Nemelex Xobeh
Sif Muna
Uskayaw
Xom
Yredelemnul
The Shining One

Shops:
D:2 :   D:5 ?


Innate Abilities, Weirdness & Mutations

You are too large for most types of armour.
You have claws for hands.
Your natural rate of healing is unusually fast.
You are covered in fur. (AC +1)
You have tough skin. (AC +1)


Message History

Something hits you but does no damage. The orc hits you with a +0 dagger.
The orc wizard hits you with a +2 dagger of venom.
You're too confused to move!
You feel sick. Something hits you. The orc hits you with a +0 dagger.
The orc wizard hits you with a +2 dagger of venom.
You bump into the rock wall.
You feel sick. The orc hits you with a +0 dagger. Something hits you!
* * * LOW HITPOINT WARNING * * *
The orc wizard points at you and mumbles some strange words.
The puff of flame hits you!
* * * LOW HITPOINT WARNING * * *
Okay, then.
You are too confused!
You feel much better.
You feel sick. Something hits you!
* * * LOW HITPOINT WARNING * * *
The orc hits you with a +0 dagger.
* * * LOW HITPOINT WARNING * * *
The orc wizard hits you with a +2 dagger of venom.
* * * LOW HITPOINT WARNING * * *
You are more poisoned.
You feel better.
You hear some strange, mumbled words.
You are confused.
The orc closely misses you. The orc wizard casts a spell at you.
The magic dart hits you!
* * * LOW HITPOINT WARNING * * *
You are too confused!
You barely miss the orc. Something hits you!
* * * LOW HITPOINT WARNING * * *
The orc barely misses you.
The orc wizard hits you with a +2 dagger of venom.
* * * LOW HITPOINT WARNING * * *
You are poisoned.
You bump into the rock wall.
You feel very sick. Something hits you.
* * * LOW HITPOINT WARNING * * *
The orc hits you with a +0 dagger.
You die...

*,****,,,,..,#..##**...*********
**,,*,,,,,,...#...###.#,,,,,,,,,,
,,,,,,,****,......##..#*******,,,
****,*** *,,,,#.....###**** **,,
***,,** ***,,,*#.#.....#,,,* *,,
,,,,,,* *,,,,*##.#.##..#,,,* *,,
,,,**,***,****#....#*.....,* *,,
**,,*,,,,,* ##oo###*#.....* *,,
***,,..#######.{@# *##...# ***
,,,,,..........#)# *...#
*****,##.....###)#### **###
,*,,,,>#.###..##....# ,,,,,,,,,*
##.......# ####### ,,,,,,,,,*
###.....# ##.....## ,,,,,,,,,*
##....# ##.......## ,,,,,,,,,*
#....# #.....<...# ,,,,,,,,,*
#....###.........#


You could see an orc wizard and an orc.

Vanquished Creatures
  A water moccasin (D:5)
  A sky beast (D:6)
  2 ogres
  2 scorpions (D:5)
  A crimson imp (D:3)
  Crazy Yiuf (D:3)
  An orc priest (D:4)
  2 hounds
  An iguana (D:5)
  7 orc wizards (D:6)
  Robin (D:2)
  6 gnolls
  6 adders
  4 worms
  4 dart slugs
  11 orcs
  7 endoplasms
  7 giant cockroaches
  12 goblins
  12 hobgoblins
  A quokka (D:2)
  9 ball pythons
  7 bats
  5 frilled lizards
  3 goblin skeletons (D:3)
  3 hobgoblin zombies (D:3)
  5 kobolds
  A kobold skeleton (D:3)
  4 kobold zombies (D:3)
  An orc skeleton (D:3)
  An orc zombie (D:3)
  6 rats
135 creatures vanquished.

Vanquished Creatures (collateral kills)
  5 orcs (D:5)
5 creatures vanquished.

Grand Total: 140 creatures vanquished

Notes
Turn   | Place    | Note
-------+----------+-------------------------------------------
     0 | D:1      | groovy9 the Troll Fighter began the quest for the Orb.
     0 | D:1      | Reached XP level 1. HP: 22/22 MP: 0/0
   177 | D:1      | Reached XP level 2. HP: 29/29 MP: 1/1
   233 | D:1      | Reached skill level 3 in Unarmed Combat
   509 | D:2      | Found a faded altar of an unknown god.
   519 | D:2      | Reached XP level 3. HP: 34/36 MP: 2/2
   527 | D:2      | Found Cesymmos's Book Shoppe.
   590 | D:2      | Noticed Robin
   618 | D:2      | Killed Robin
   619 | D:2      | Reached skill level 4 in Unarmed Combat
   745 | D:2      | Reached XP level 4. HP: 32/44 MP: 3/3
   945 | D:3      | Found a glowing golden altar of the Shining One.
   969 | D:3      | Reached skill level 5 in Unarmed Combat
  1069 | D:3      | Reached XP level 5. HP: 42/50 MP: 4/4
  1585 | D:3      | Found a runed translucent door.
  1586 | D:3      | Noticed Crazy Yiuf
  1591 | D:3      | Killed Crazy Yiuf
  1592 | D:3      | Reached skill level 6 in Unarmed Combat
  1830 | D:4      | Found a blossoming altar of Fedhas.
  1839 | D:4      | Found a hide-covered altar of Uskayaw.
  1853 | D:4      | Noticed an ogre
  1857 | D:4      | Killed an ogre
  1858 | D:4      | Reached XP level 6. HP: 59/59 MP: 5/5
  1952 | D:4      | Reached skill level 7 in Unarmed Combat
  2311 | D:5      | Entered Level 5 of the Dungeon
  2330 | D:5      | Found a staircase to the Ecumenical Temple.
  2371 | Temple   | Entered the Ecumenical Temple
  2583 | D:5      | Reached XP level 7. HP: 54/66 MP: 6/6
  2672 | D:5      | Reached skill level 8 in Unarmed Combat
  2706 | D:5      | Found a white marble altar of Elyvilon.
  2772 | D:5      | Found a basalt altar of Yredelemnul.
  2931 | D:5      | Found Jiduy's Magic Scroll Shop.
  3055 | D:5      | Reached skill level 9 in Unarmed Combat
  3250 | D:6      | Reached XP level 8. HP: 74/74 MP: 7/7
  3284 | D:6      | Identified the +8 flail of the Sun {pain, Stlth+}
  3310 | D:6      | HP: 1/74 [something (4)]
  3310 | D:6      | Slain by an orc

Illustrated notes

Levels and vault maps discovered:
D:1:      spicycebolla_arrival_clurvy, layout_basic, chequers_jeans
D:2:      layout_rooms, serial_shops, shop, ebering_ecumenical_altar_rust,
          minmay_cupped, uniq_robin
D:3:      layout_basic, nicolae_tso_besieged_by_evil, corexii_leaking_fountain,
          uniq_crazy_yiuf_cottage
D:4:      layout_rooms, mainiacjoe_overflow_big_doors
D:5:      layout_basic, kennysheep_ying_yang, minmay_temple_entry_wispy,
          serial_shops, shop_statue, minmay_crystal_water
D:6:      layout_rooms, uniq_grinder, uniq_duvessa, uniq_blork_the_orc
Temple:   nicolae_temple_bog_church

Skill      XL: |  1  2  3  4  5  6  7 |
---------------+----------------------+-----
Unarmed Combat | 3 4 5 6 7 9 |  9.8
Fighting       | |  2.4
Dodging        | |  2.4
Shields        | |  2.6

Action                   |  1- 3 |  4- 6 |  7- 9 || total
-------------------------+-------+-------+-------++-------
Melee: Unarmed           |   115 |   178 |    61 ||   354
  Use: Scroll            |     4 |     8 |     7 ||    19
       Potion            |       |     1 |     2 ||     3
Armor: Robe              |    37 |    42 |    15 ||    94
Dodge: Dodged            |    44 |    51 |    17 ||   112
Block: Kite shield       |    40 |    57 |    13 ||   110
